 Dungeon Crawl Stone Soup version 0.30-a0-799-g109b55a442 (webtiles) character file.

Game seed: 12228919466701977855

10400 cforsyth the Fighter (level 11, -8/90 HPs)
             Began as a Djinni Conjurer on Feb 20, 2023.
             Mangled by a boulder beetle (39 damage)
             ... on level 11 of the Dungeon on Feb 21, 2023.
             The game lasted 00:23:10 (11252 turns).

cforsyth the Fighter (Djinni Conjurer)             Turns: 11252, Time: 00:23:10

Health: -8/90      AC: 11    Str:  9    XL:     11   Next: 92%
Gold:   987        EV: 12    Int: 24    God:
                   SH:  0    Dex: 12

rFire   + + +      SeeInvis .    (no weapon)
rCold   . . .      Faith    +    (no shield)
rNeg    . . .      Spirit   .    E - +2 robe {rC+ rF+}
rPois   ∞          Reflect  .    f - +0 helmet
rElec   .          Harm     .    (no cloak)
rCorr   .          Rampage  .    n - +1 pair of gloves
Will    +....                    (boots unavailable)
Stlth   +++                      D - amulet of Joy {Faith Str+3 Stlth+}
HPRegen 0.35/turn                r - ring of wizardry
MPRegen 0.00/turn                b - +4 ring of protection

@: flying
A: sickness immunity, fire resistance 2, cold vulnerability 1, float, innate
caster, HP casting, extra vitality 1
a: no special abilities


You were on level 11 of the Dungeon.
You visited 1 branch of the dungeon, and saw 11 of its levels.
You also visited: Ice Cave.

You collected 1033 gold pieces.
You spent 46 gold pieces at shops.

Inventory:

Armour
 f - a +0 helmet (worn)
 n - a +1 pair of gloves (worn)
 E - a +2 robe of resistance (worn)
Jewellery
 b - a +4 ring of protection (right hand)
 r - a ring of wizardry (left hand)
 z - a ring of protection from fire
 D - the amulet of Joy (around neck) {Faith Str+3 Stlth+}
   (You found it on level 8 of the Dungeon)

   [amulet of faith]

   It allows you to gain divine favour quickly.
   Str:       It affects your strength (+3).
   Stlth:     It makes you more stealthy.
 H - the ring of Broken Luck {rCorr Dex+3}
   (You found it in an ice cave)

   [ring of resist corrosion]

   Dex:       It affects your dexterity (+3).
   rCorr:     It protects you from acid and corrosion.
Wands
 a - a wand of mindburst (8)
 k - a wand of polymorph (8)
 m - a wand of flame (22)
 B - a wand of paralysis (9)
 C - a wand of roots (16)
 G - a wand of quicksilver (3)
Scrolls
 c - 2 scrolls of blinking
 g - a scroll of enchant armour
 h - a scroll of poison
 i - 3 scrolls of fog
 q - a scroll of brand weapon
 t - a scroll of enchant weapon {unknown}
 u - a scroll of silence {unknown}
 w - a scroll of vulnerability {unknown}
 x - a scroll of summoning {unknown}
 y - 2 scrolls of teleportation
 A - 4 scrolls of immolation
Potions
 d - 2 potions of curing
 j - a potion of berserk rage {unknown}
 l - 3 potions of heal wounds
 o - a potion of attraction {unknown}
 p - 2 potions of mutation
 s - a potion of degeneration {unknown}
 v - 2 potions of lignification
 F - a potion of might


   Skills:
 + Level 12.6 Fighting
 - Level 2.1 Dodging
 - Level 1.5 Stealth
 + Level 10.4 Spellcasting


You knew the following spells:

 Your Spells              Type           Power      Damage    Failure   Level
a - Magic Dart            Conj           100%       1d8       1%          1
b - Searing Ray           Conj           100%       2d8       1%          2
c - Dazzling Flash        Conj/Hex       100%       N/A       1%          3
d - Fulminant Prism       Conj/Hex       29%        3d14      1%          4
e - Iskenderun's Mystic   Conj/Tloc      58%        2d12      1%          4
f - Freeze                Ice            100%       1d10      1%          1
g - Passwall              Tmut/Erth      48%        N/A       1%          2
h - Ensorcelled Hibernat  Hex/Ice        100%       N/A       1%          2
i - Airstrike             Air            29%        2d(5-21)  1%          4
j - Lightning Bolt        Conj/Air       29%        1d45      1%          5
Your spell library was empty.

Dungeon Overview and Level Annotations

Branches:
Dungeon (12/15)            Temple (0/1) D:6           IceCv (visited)
   Lair: D:8-11         Orc: D:9-12

Altars:
Hepliaklqana
Makhleb
Okawaru
Trog
The Shining One

Shops:
D:3 *   D:12 [

Annotations:
D:5 2 transporters


Innate Abilities, Weirdness & Mutations

You are immune to sickness and miasma.
You are immune to poison.
Your flesh is very heat resistant. (rF++)
You are vulnerable to cold. (rC-)
You float through the air rather than walking.
You learn spells naturally, not from books.
Your magical power is your life essence.
You have superior vitality. (+4 MHP)


Message History

Beogh smites you!
An orc comes into view. It is wielding a +0 hand axe.
The orc priest calls down the wrath of Beogh upon you.
Beogh smites you!
Casting: Magic Dart (safe; 1% risk of failure)
Confirm with . or Enter, or press ? or * to list all spells.
Aiming: Fulminant Prism (safe; 1% risk of failure)
Press: ? - help, Dir - move target, p - warg You conjure a prism of explosive energy!
A fulminant prism comes into view.
The orc throws a boomerang.
The boomerang hits your fulminant prism.
The warg barely misses you.
Your fulminant prism crackles loudly.
The orc throws a boomerang.
The boomerang hits your fulminant prism.
The boulder beetle curls into a ball and begins rolling!
Casting: Fulminant Prism (safe; 1% risk of failure)
Confirm with . or Enter, or press ? or * to list all spells.
You erupt in a blast of force!
The mystic blast hits the warg.
The warg is moderately wounded.
The warg is knocked back by the mystic blast.
You hear a shout!
Your fulminant prism explodes!
You feel a bit more experienced.
The blast of energy engulfs the warg!!
You kill the warg!
The blast of energy engulfs the orc priest!
You kill the orc priest!
The orc throws a boomerang.
The boomerang closely misses you.
You hear a howl!
You hear a bellow!
You hear a howl!
You hear a bellow!
You hear a shout! x2
Casting: Iskenderun's Mystic Blast (safe; 1% risk of failure)
Confirm with . or Enter, or press ? or * to list all spells.
Okay, then.
Casting: Iskenderun's Mystic Blast (safe; 1% risk of failure)
Confirm with . or Enter, or press ? or * to list all spells.
You erupt in a blast of force!
The mystic blast hits the boulder beetle but does no damage.
The boulder beetle hits you!!!
You die...

.......>...#
...######.## ##.#
#..# #.## ....#
#.# .... ....# #.#
..... ...# #.#
..... #..# #@# .
.....##..# ##B#
...........# #.°#
...........####°##
.W.. #...°B○○..#
.)..)##.o°.####.#
#B).)°°○..# #.#
#.).......# #.#
.......o...# #+#


You could see a boulder beetle (rolling).

Vanquished Creatures
  A white draconian (IceCv)
  A centaur warrior (D:8)
  A two-headed ogre (D:6)
  A deep elf pyromancer (D:12)
  An ugly thing (D:8)
  2 ice statues (IceCv)
  4 rime drakes (IceCv)
  An unseen horror (D:12)
  A troll (D:8)
  Grinder (D:3)
  7 yaks
  A wraith (D:12)
  A vampire (D:11)
  A wyvern (D:7)
  2 wargs (D:11)
  4 water moccasins
  A sky beast (D:8)
  An ice beast (D:8)
  An ogre (D:6)
  A black bear (D:8)
  A centaur (D:7)
  A kobold brigand (D:6)
  3 bullfrogs
  2 necrophages (D:5)
  2 gnoll sergeants (D:5)
  10 wights
  2 scorpions (D:4)
  8 killer bees (D:7)
  3 lindwurm simulacra (IceCv)
  2 howler monkeys (D:7)
  3 komodo dragon simulacra (IceCv)
  3 orc priests
  A gnoll bouda (D:6)
  5 hounds
  2 jellies (D:6)
  4 iguanas
  3 orc wizards
  Natasha (twice) (D:2)
  7 acid dragon simulacra (IceCv)
  15 gnolls
  13 adders
  A shadow imp (D:5)
  2 white imps
  8 steam dragon simulacra (IceCv)
  A worm (D:3)
  4 dart slugs
  27 orcs
  7 ball pythons
  2 endoplasms
  3 giant cockroaches
  11 goblins
  4 hobgoblins
  5 jackals
  12 kobolds
  4 quokkas
  7 bats
  5 frilled lizards
  5 rats
234 creatures vanquished.

Vanquished Creatures (others)
  102 fulminant prisms
  2 plants (D:11)
104 creatures vanquished.

Grand Total: 338 creatures vanquished

Notes
Turn   | Place    | Note
-------+----------+-------------------------------------------
     0 | D:1      | cforsyth the Djinni Conjurer began the quest for the Orb.
     0 | D:1      | cforsyth set off with the following spells memorised: Magic
                  | Dart, Searing Ray, Dazzling Flash, Fulminant Prism,
                  | Iskenderun's Mystic Blast.
     0 | D:1      | Reached XP level 1. HP: 15/15 MP: 0/0
    98 | D:1      | Reached XP level 2. HP: 20/22 MP: 0/0
    99 | D:1      | Reached skill level 1 in Fighting
   338 | D:1      | Reached XP level 3. HP: 18/27 MP: 0/0
   338 | D:1      | Learned a level 1 spell: Freeze
  1040 | D:2      | Noticed Natasha
  1045 | D:2      | Reached skill level 2 in Fighting
  1049 | D:2      | Killed Natasha
  1050 | D:2      | Reached XP level 4. HP: 5/34 MP: 0/0
  1547 | D:2      | Noticed Natasha
  1552 | D:2      | Killed Natasha
  1553 | D:2      | Reached XP level 5. HP: 33/40 MP: 0/0
  1553 | D:2      | Learned a level 2 spell: Passwall
  1968 | D:3      | Reached skill level 3 in Fighting
  2209 | D:3      | Noticed Grinder
  2219 | D:3      | Killed Grinder
  2220 | D:3      | Reached skill level 4 in Fighting
  2220 | D:3      | Reached XP level 6. HP: 18/47 MP: 0/0
  2396 | D:3      | Found Syczueze's Assorted Antiques.
  2402 | D:3      | Bought a fizzy pink potion for 14 gold pieces
  2402 | D:3      | Bought a scroll labelled XANNUE CIFIHESH for 16 gold pieces
  2402 | D:3      | Bought a scroll labelled ENLEUJ YTYKK for 16 gold pieces
  2448 | D:3      | Found an iron altar of Okawaru.
  2449 | D:3      | Found a glowing golden altar of the Shining One.
  2982 | D:3      | Reached XP level 7. HP: 51/53 MP: 0/0
  2982 | D:3      | Learned a level 2 spell: Ensorcelled Hibernation
  3156 | D:4      | Reached skill level 5 in Spellcasting
  3189 | D:4      | Found a hazy altar of Hepliaklqana.
  3290 | D:4      | Reached skill level 5 in Fighting
  3885 | D:5      | Entered Level 5 of the Dungeon
  3921 | D:5      | Reached XP level 8. HP: 19/60 MP: 0/0
  4166 | D:5      | Reached skill level 6 in Fighting
  4673 | D:5      | Found a transporter.
  4943 | D:5      | Found a transporter.
  4991 | D:5      | Reached skill level 7 in Fighting
  5421 | D:5      | Found a bloodstained altar of Trog.
  5747 | D:6      | Reached XP level 9. HP: 52/68 MP: 0/0
  5747 | D:6      | Learned a level 4 spell: Airstrike
  5921 | D:6      | Reached skill level 8 in Fighting
  6398 | D:6      | Noticed a two-headed ogre
  6411 | D:6      | Killed a two-headed ogre
  6944 | D:6      | Found a staircase to the Ecumenical Temple.
  7063 | D:7      | Reached skill level 9 in Fighting
  7072 | D:7      | Reached XP level 10. HP: 26/78 MP: 0/0
  7868 | D:7      | Reached skill level 10 in Fighting
  8356 | D:8      | Identified the amulet of Joy {Faith Str+3 Stlth+}
  8461 | D:8      | Noticed a centaur warrior
  8465 | D:8      | Noticed a purple ugly thing
  8473 | D:8      | Killed a centaur warrior
  8698 | D:8      | Killed a purple ugly thing
  9218 | D:8      | Found a burning altar of Makhleb.
  9537 | D:8      | Reached skill level 11 in Fighting
  9537 | D:8      | Reached XP level 11. HP: 80/87 MP: 0/0
  9537 | D:8      | Learned a level 5 spell: Lightning Bolt
  9874 | D:9      | You are sucked into a shaft and drop 3 floors!
  9906 | D:12     | Found Esalaf's Armour Shop.
  9906 | D:12     | Noticed a deep elf pyromancer
  9922 | D:12     | Killed a deep elf pyromancer
  9925 | D:12     | Noticed a cyclops
  9932 | D:12     | Noticed a cyclops
  9954 | D:12     | Found a frozen archway.
  9963 | IceCv    | Entered an ice cave
 10232 | IceCv    | Reached skill level 12 in Fighting
 10389 | IceCv    | Reached skill level 10 in Spellcasting
 10465 | IceCv    | Found the +2 pair of slick slippers {slick, slippery, EV+5}
 10511 | IceCv    | Noticed a white draconian
 10887 | IceCv    | Identified the ring of Broken Luck {rCorr Dex+3}
 10967 | IceCv    | Killed a white draconian
 11237 | D:11     | Noticed a boulder beetle
 11252 | D:11     | Mangled by a boulder beetle

Illustrated notes

Levels and vault maps discovered:
D:1:      minmay_arrival_hallway, layout_basic, minmay_pentomino_o4
D:2:      layout_rooms, serial_co_window_serial, co_window_paths_b,
          co_window_paths_a, co_window_of_opportunity_a, co_window_paths_b,
          co_window_of_opportunity_a, co_window_broadway_a,
          co_window_of_opportunity_c, co_window_broadway_a, co_window_corner_cb,
          uniq_natasha
D:3:      layout_basic, mainiacjoe_overflow_catch_the_wave, serial_shops,
          nicolae_shop_crystal, uniq_grinder
D:4:      layout_basic, old_standard_altar
D:5:      gammafunk_wand_slinger, layout_basic, lemuel_doored_altar,
          grunt_tough_drop
D:6:      layout_loops_cross, lemuel_temple_firewalk_b, nicolae_hexahallways
D:7:      layout_basic, minmay_misc_feat_tiny, minmay_fountain_box
D:8:      layout_loops_ring, lightli_temple_of_fire, minmay_radiant
D:9:      cheibrodos_statue_roulette, layout_irregular_city, slow_altar_1,
          st_stairs_10, solitary_fountain, minmay_ruined_shrine
D:11:     layout_roguey, dpeg_oklobed_lair, erik_orc_4
D:12:     layout_small_grid, ebering_ghost_reflecting_pool, serial_shops, shop,
          portal_ice_cave_entry_pillars_1

Skill      XL: |  1  2  3  4  5  6  7  8  9 10 11 |
---------------+----------------------------------+-----
Fighting       | 1 2 4 5 7 9 11 12 | 12.6
Spellcasting   | 4 5 6 7 9 10 | 10.4
Dodging        | |  2.1
Stealth        | |  1.5

Action                     |  1- 3 |  4- 6 |  7- 9 | 10-12 || total
---------------------------+-------+-------+-------+-------++-------
   Cast: Magic Dart        |    62 |    72 |   128 |    93 ||   355
         Fulminant Prism   |       |     2 |    16 |    84 ||   102
         Iskenderun's Myst |       |     1 |    60 |    36 ||    97
    Use: Potion            |       |       |     3 |       ||     3
         Scroll            |       |       |       |    15 ||    15
 Armour: Robe              |     1 |     5 |     4 |     3 ||    13
  Dodge: Dodged            |     5 |     9 |    31 |    17 ||    62

Table legend: (Time is in decaauts)
 A = Elapsed time spent in this place.
 B = Non-inter-level travel time spent in this place.
 C = Inter-level travel time spent in this place.
 D = Time resting spent in this place.
 E = Time spent auto-exploring this place.
 F = Levels seen in this place.
 G = Mean time per level.
                   A        B        C        D        E       F      G
               +--------+--------+--------+--------+--------+-----+--------+
         Total |  11255 |  11005 |    250 |   2045 |   7503 |  12 |  937.9 |
       Dungeon |  10128 |   9878 |    250 |   1773 |   6869 |  11 |  920.7 |
      Ice Cave |   1127 |   1127 |      0 |    272 |    634 |   1 | 1127.0 |
               +--------+--------+--------+--------+--------+-----+--------+

Top non-repeatable levels by time:
     D:5: 1684 daAuts
     D:6: 1587 daAuts
     D:8: 1507 daAuts
     D:4: 1363 daAuts
     D:3: 1199 daAuts
   IceCv: 1127 daAuts
     D:2: 1025 daAuts
     D:1: 786 daAuts
     D:7: 703 daAuts
    D:12: 192 daAuts
    D:11: 57 daAuts
     D:9: 20 daAuts
